 Dungeon Crawl Stone Soup version 0.22-a0-265-g0d8bc90 (webtiles) character file.

4 Amnesiac the Magician (level 1, 0/10 HPs)
             Began as a Deep Elf Wizard on Mar 6, 2018.
             Slain by a hobgoblin
             ... wielding a +0 club
              (4 damage)
             ... on level 2 of the Dungeon.
             The game lasted 00:00:35 (104 turns).

Amnesiac the Magician (Deep Elf Wizard)              Turns: 104, Time: 00:00:36

Health: 0/10       AC:  2    Str:  4    XL:     1   Next: 50%
Magic:  1/8        EV: 13    Int: 22    God:
Gold:   0          SH:  0    Dex: 13    Spells: 8/9 levels left

rFire    . . .     SeeInvis .   (no weapon)
rCold    . . .     Gourm    .   (no shield)
rNeg     . . .     Faith    .   a - +0 robe
rPois    .         Spirit   .   b - +0 hat
rElec    .         Reflect  .   (no cloak)
rCorr    .         Harm     .   (no gloves)
MR       .....                  (no boots)
Stlth    ++........             (no amulet)
HPRegen  0.03/turn              (no ring)
MPRegen  0.11/turn              (no ring)

@: no status effects
A: no striking features
a: no special abilities


You were on level 2 of the Dungeon.
You were not hungry.

You visited 1 branch of the dungeon, and saw 2 of its levels.

Inventory:

Armour
 a - a +0 robe (worn)
 b - a +0 hat (worn)
Potions
 e - a potion of curing {!q, unknown}
Comestibles
 c - 2 chunks of flesh
 d - a ration


   Skills:
 + Level 0.1 Fighting
 - Level 2.4 Dodging
 - Level 2.4 Stealth
 - Level 4.5 Spellcasting
 - Level 1.5 Conjurations
   Level 1.1 Summonings
   Level 1.1 Translocations


You had 8 spell levels left.
You knew the following spells:

 Your Spells              Type           Power        Failure   Level  Hunger
a - Magic Dart            Conj           ##..         5%          1    None


Dungeon Overview and Level Annotations

Branches:
Dungeon (2/15)

Altars:


Message History

You open the door.
The giant cockroach bites you but does no damage.
Casting: Magic Dart (safe; 5% risk of failure)
Confirm with . or Enter, or press ? or * to list all spells.
You don't have enough magic to cast that spell.
The giant cockroach closely misses you.
There is an open door here.
Casting: Magic Dart (safe; 5% risk of failure)
Confirm with . or Enter, or press ? or * to list all spells.
Aiming: Magic Dart (safe; 5% risk of failure)
Press: ? - help, Shift-Dir - straight line, f/p - giant cockroach
Aim: a giant cockroach (heavily wounded, clinging)
The magic dart hits the giant cockroach.
The giant cockroach is heavily wounded.
The giant cockroach closely misses you. The giant cockroach barely misses you.
You open the door.
The giant cockroach completely misses you.
Found a dagger.
There is an open door here.
You see here a dagger.
The giant cockroach barely misses you.
Found 12 gold pieces.
Found a green potion.
A goblin comes into view. It is wielding a dagger.
The giant cockroach closely misses you.
A hobgoblin comes into view. It is wielding a club.
Found a scroll labeled KYBOOH ILYDAKI.
The goblin shouts!
Found a stone staircase leading down.
You see here a green potion {!q}.
e - a green potion {!q} The giant cockroach bites you but does no damage.
The giant cockroach misses you. The hobgoblin completely misses you.
The hobgoblin barely misses you. The goblin hits you with a dagger.
The giant cockroach bites you.
Your magical contamination has completely faded away.
The giant cockroach waves its antennae.
The goblin barely misses you. The gnoll barely misses you.
The hobgoblin hits you with a club.
* * * LOW HITPOINT WARNING * * *
There is a stone staircase leading down here.
The hobgoblin hits you with a club.
* * * LOW HITPOINT WARNING * * *
You climb downwards.
There is a stone staircase leading up here.
Casting: Magic Dart (safe; 5% risk of failure)
Confirm with . or Enter, or press ? or * to list all spells.
Aiming: Magic Dart (safe; 5% risk of failure)
Press: ? - help, Shift-Dir - straight line, f - goblin
Aim: a goblin, wielding a dagger The magic dart hits the goblin.
The goblin is heavily wounded.
The goblin hits you but does no damage. The hobgoblin misses you.
Casting: Magic Dart (safe; 5% risk of failure)
Confirm with . or Enter, or press ? or * to list all spells.
Aiming: Magic Dart (safe; 5% risk of failure)
Press: ? - help, Shift-Dir - straight line, f/p - goblin
Aim: a goblin, wielding a dagger (moderately wounded)
The magic dart hits the goblin.
The goblin is heavily wounded.
The goblin barely misses you. The hobgoblin hits you with a club.
You die...

###
#..
#.#
...
#.#
#.#
#g#
#@#
#g#
..#
.###
..
..
...
#..


You could see a hobgoblin and a goblin.

Vanquished Creatures
  A ball python (D:1)
  3 bats (D:1)
  A frilled lizard (D:1)
5 creatures vanquished.

Notes
Turn   | Place    | Note
-------+----------+-------------------------------------------
     0 | D:1      | Amnesiac the Deep Elf Wizard began the quest for the Orb.
     0 | D:1      | Reached XP level 1. HP: 10/10 MP: 7/7
   104 | D:2      | Slain by a hobgoblin

Vault maps used:
D:1:      onia_arrival_mini_maze_b
D:2:      grunt_gozag_statues, uniq_jessica

Action                   || total
-------------------------++-------
 Cast: Magic Dart        ||    12
Armor: Robe              ||     5
Dodge: Dodged            ||    17

Table legend:
 A = Spawn XP
 B = Non-spawn XP
 C = Spawn XP percentage of total XP
 D = Spawn monster count
 E = Non-spawn monster count
 F = Spawn count percentage of total count
 G = Total turns spent on level
                    A         B        C        D         E        F      G
               +---------+---------+-------+---------+---------+-------+---------
         Total |       0 |       6 |   0.0 |       0 |       5 |   0.0 |   104
               +---------+---------+-------+---------+---------+-------+---------
           D:1 |       0 |       6 |   0.0 |       0 |       5 |   0.0 |   102
               +---------+---------+-------+---------+---------+-------+---------
